 Dungeon Crawl Stone Soup version 0.21-a0-221-gfe971b9 (console) character file.

1525535 removed the Archmage (level 27, 231/231 HPs)
             Began as a Demigod Earth Elementalist on Aug 26, 2017.
             Escaped with the Orb
             ... and 3 runes on Aug 27, 2017!
             The game lasted 05:31:24 (118656 turns).

removed the Archmage (Demigod Earth Elementalist) Turns: 118656, Time: 05:31:25

Health: 231/231    AC: 21    Str: 11    XL:     27
Magic:  6/61       EV: 21    Int: 49    God:
Gold:   2151       SH:  8    Dex: 16    Spells: 38/80 levels left

rFire    + + .     SeeInvis .   b - staff of earth
rCold    . . .     Gourm    .   L - +3 buckler {rF+}
rNeg     . . .     Faith    .   S - +2 robe {Archmagi}
rPois    +         Spirit   .   (helmet restricted)
rElec    .         Reflect  .   w - +2 cloak
rCorr    .         Harm     .   Y - +2 pair of gloves
MR       ++...                  C - +2 pair of boots
Stlth    +.........             N - amulet "Esyhap" {RegenMP Int+7 Slay+5}
HPRegen  0.48/turn              M - +6 ring of protection
MPRegen  0.62/turn              W - +5 ring of intelligence

@: no status effects
A: beak, hooves 1, molten scales 1, deterioration 1, fire resistance 1, high mp
1, sense surroundings 1, poison resistance, wild magic 1, MP-powered wands
0: Orb of Zot
}: 3/15 runes: decaying, serpentine, silver
a: no special abilities


You escaped.
You were not hungry.

You visited 10 branches of the dungeon, and saw 52 of its levels.
You visited the Abyss 1 time.
You visited 1 bazaar.
You visited 1 ziggurat, and saw 10 of its levels.
You also visited: Sewer, Ossuary, Wizlab and Desolation.

You collected 8950 gold pieces.
You spent 6799 gold pieces at shops.

Inventory:

Hand Weapons
 a - a +9 demon trident of electrocution
 g - a +5 blowgun
Missiles
 r - 1057 stones (quivered)
 H - 6 curare-tipped needles
Armour
 w - a +2 cloak (worn)
 C - a +2 pair of boots (worn)
 L - a +3 buckler of fire resistance (worn)
 S - a +2 robe of the Archmagi (worn)
 Y - a +2 pair of gloves (worn)
 Z - a +2 helmet
Magical Staves
 b - an uncursed staff of earth (weapon)
Jewellery
 s - an uncursed ring of fire
 y - an uncursed ring of protection from cold
 M - a +6 ring of protection (left hand)
 N - the amulet "Esyhap" (around neck) {RegenMP Int+7 Slay+5}
   (You took it off an ironbrand convoker on level 5 of the Vaults)

   [amulet of magic regeneration]

   It increases your magic regeneration.
   It affects your intelligence (+7).
   It affects your accuracy and damage with ranged weapons and melee attacks
   (+5).
 W - a +5 ring of intelligence (right hand)
Wands
 f - a wand of digging (8/24)
 k - a wand of iceblast (5/15)
 p - a wand of acid (12/15)
 t - a wand of acid (8/15)
 B - a wand of digging (16/24)
 V - a wand of lightning (7/15)
Scrolls
 c - 15 scrolls of identify
 h - 2 scrolls of holy word
 j - 11 scrolls of teleportation
 m - 30 scrolls of remove curse
 o - 2 scrolls of blinking
 v - 5 scrolls of summoning
 x - 9 scrolls of recharging
 z - 4 scrolls of magic mapping
 I - 7 scrolls of enchant weapon
 J - 3 scrolls of fear
 K - 7 scrolls of fog
 X - 5 scrolls of enchant armour
Potions
 i - 15 potions of mutation
 q - 2 potions of haste
 A - 23 potions of curing
 E - 13 potions of might
 F - 4 potions of brilliance
 G - 4 potions of heal wounds
 O - 5 potions of resistance
 P - 10 potions of flight
 R - 5 potions of cancellation
 T - 6 potions of agility
 U - 3 potions of magic
Comestibles
 d - 7 bread rations
 l - 7 meat rations
 D - 3 royal jellies
 Q - 27 fruits


   Skills:
 - Level 16.0 Fighting
 - Level 14.0 Polearms
 - Level 12.0 Dodging
 - Level 1.7 Stealth
 - Level 5.0 Shields
 O Level 27 Spellcasting
 + Level 15.2 Conjurations
   Level 0.8 Transmutations
 - Level 5.0 Fire Magic
 O Level 27 Earth Magic


You had 38 spell levels left.
You knew the following spells:

 Your Spells              Type           Power        Failure   Level  Hunger
a - Stone Arrow           Conj/Erth      ######       1%          3    None
b - Iron Shot             Conj/Erth      ##########   1%          6    None
c - Bolt of Magma         Conj/Fire/Erth #########.   1%          5    None
d - Lee's Rapid Deconstr  Erth           ##########   1%          5    None
e - Regeneration          Chrm/Necr      #######...   1%          3    None
f - Lehudib's Crystal Sp  Conj/Erth      ##########   1%          8    None
l - Blink                 Tloc           N/A          1%          2    None
t - Shatter               Erth           ##########   1%          9    None
A - Apportation           Tloc           ######       1%          1    None


Dungeon Overview and Level Annotations

Branches:
Dungeon (15/15)            Temple (0/1) D:7            Lair (6/6) D:10
  Swamp (4/4) Lair:2        Snake (4/4) Lair:3        Slime (0/5) Lair:5
    Orc (2/2) D:10            Elf (3/3) Orc:2        Vaults (5/5) D:14
  Crypt (3/3) Vaults:3       Tomb (0/3) Crypt:3      Depths (5/5) D:15
    Zot (5/5) Depths:5

Shops:
Orc:2 [:*!   Elf:1 (   Elf:2 :   Elf:3 *   Snake:2 *([   Snake:3 !*=
Vaults:1 :   Vaults:5 }   Depths:1 (   Depths:2 }   Depths:4 }   Depths:5 =}=

Portals:
Hell: Depths:1 Depths:2 Depths:3 Depths:4 Depths:5
Abyss: Depths:2 Depths:4
Pandemonium: Depths:3

Annotations:
Lair:2 exclusion: oklob plant
Lair:5 exclusion: 4 oklob plants


Innate Abilities, Weirdness & Mutations

You have an increased reservoir of magic. (+10% MP)
You have a beak for a mouth.
You have large cloven feet.
You are partially covered in molten scales. (AC +2)
Your body sometimes deteriorates upon taking damage.
Your flesh is heat resistant. (rF+)
You passively map a small area around you.
Your system is resistant to poisons. (rPois)
Your spells are a little harder to cast, but a little more powerful.
You expend magic power (3 MP) to strengthen your wands.


Message History

Casting: Shatter
Confirm with . or Enter, or press ? or * to list all spells.
You feel a strong surge of power!
The dungeon rumbles!
Ka-crash!
Casting: Shatter
Confirm with . or Enter, or press ? or * to list all spells.
You feel a strong surge of power!
The dungeon rumbles!
Ka-crash!
Casting: Shatter
Confirm with . or Enter, or press ? or * to list all spells.
You feel a strong surge of power!
The dungeon rumbles!
Ka-crash!
Casting: Shatter
Confirm with . or Enter, or press ? or * to list all spells.
You feel a strong surge of power!
The dungeon rumbles!
Ka-crash!
Casting: Shatter
Confirm with . or Enter, or press ? or * to list all spells.
You don't have enough magic to cast that spell.
You have escaped!

.###........#########.#####
.# ###.##..............# .#
#.................. .#
###................
########................
........................*
####.##.#.............*. #
#........>.......#....
###.#.#.#.......@.......
....#.#..............#.#
.#.....#.............#
........#...............
.#.....#*...............
......# .....#.........
......###......#........
#.....##........#.....#.
....#.##+#..### * *##.#


There were no monsters in sight!

Vanquished Creatures
  Mara (Vaults:5)
  3 orbs of fire (Zot:5)
  3 juggernauts
  8 ancient liches
  Boris (twice) (Vaults:2 Vaults:5)
  The ghost of smashysmashy the Wrestler, a veteran TrMo of Okawaru (Depths:2)
  Saint Roka (Orc:2)
  Xtahua (Crypt:1)
  2 Killer Klowns
  9 caustic shrikes
  4 curse toes
  Vashnia (Snake:2)
  10 golden dragons
  5 electric golems
  2 bone dragons
  8 liches
  14 tentacled monstrosities
  7 quicksilver dragons
  A deep elf blademaster (Elf:2)
  21 Orb Guardians
  9 titans (Vaults:5)
  3 death cobs
  A moon troll (WizLab)
  Frances (Snake:1)
  5 sphinxes
  4 acid blobs
  10 ancient champions
  Kirke (Lair:5)
  11 tentacled starspawn
  9 shadow dragons
  3 thorn hunters (Swamp:4)
  Donald (Snake:2)
  6 nagarajas
  8 tengu reavers
  3 draconian monks
  15 storm dragons
  3 azure jellies (Depths:1)
  A balrug (Depths:4)
  8 fire giants
  A fire giant (shapeshifter) (Depths:3)
  A daeva (Depths:4)
  A frost giant (shapeshifter) (Vaults:2)
  11 frost giants
  Louise (Snake:2)
  An orc warlord (Zig:4)
  16 vault wardens
  2 draconian scorchers
  An emperor scorpion (Zig:8)
  An angel (Depths:4)
  3 ghost moths
  2 cacodemons
  Aizul (Elf:1)
  5 ghouls
  7 deep elf sorcerers (Elf:3)
  5 draconian knights
  2 iron dragons (Depths:3)
  6 curse skulls
  9 deep elf elementalists
  2 imperial myrmidons (Desolation)
  14 ironheart preservers
  A stone giant (shapeshifter) (Elf:1)
  3 draconian stormcallers
  An entropy weaver (Zig:8)
  5 draconian shifters
  36 stone giants
  5 draconian annihilators
  2 war gargoyles (Vaults:5)
  2 juggernaut skeletons
  The ghost of Dominolapin the Alchemist, a journeyman MfTm of Wu Jian (Lair:6)
  The ghost of chonchonts the Warrior, a journeyman MiFi of Ru (Orc:1)
  An ophan (Zig:2)
  A reaper (Crypt:3)
  A caustic shrike skeleton (Crypt:3)
  4 spriggan defenders
  14 green draconians
  34 very ugly things
  Nessos (Lair:5)
  5 deep elf demonologists
  2 halazid warlocks (Desolation)
  8 vampire knights
  12 red draconians
  6 white draconians
  8 black draconians
  5 yellow draconians
  14 deep elf annihilators
  7 spark wasps
  11 ettins
  11 deep elf death magi
  9 purple draconians
  10 eidola
  Josephine (Lair:6)
  A green death (D:11)
  2 blizzard demons
  Snorg (Lair:4)
  2 death oozes (Depths:1)
  6 ragged hierophants (Desolation)
  4 crystal guardians
  10 jiangshi
  15 fire dragons
  A quicksilver dragon skeleton (Crypt:3)
  15 great orbs of eyes
  18 yaktaur captains
  3 deep elf high priests (Elf:3)
  20 naga warriors
  11 ice dragons
  34 vault guards
  5 centaur warriors
  7 peacekeepers (Desolation)
  21 hydras
  5 rakshasas
  9 servants of whispers (Desolation)
  A ghost crab (Swamp:2)
  A hell beast (Depths:5)
  An ice dragon (shapeshifter) (Depths:3)
  3 spriggan air magi
  A juggernaut simulacrum (Depths:3)
  10 alligators
  6 death knights
  A catoblepas (Lair:4)
  15 anacondas
  56 two-headed ogres
  39 dancing weapons
  4 tengu warriors
  3 hell hogs (Depths:2)
  16 ogre magi
  6 deep troll earth magi
  9 orc high priests
  A shock serpent (shapeshifter) (Vaults:5)
  9 vampire magi
  11 death yaks
  Urug (D:11)
  8 deep troll shamans
  12 shock serpents
  A titan zombie (Crypt:1)
  19 naga sharpshooters
  29 deep elf knights
  10 spriggan berserkers
  16 hell knights
  A sun demon (Depths:1)
  4 salamander mystics
  4 soul eaters
  Nergalle (Lair:4)
  2 storm dragon skeletons
  5 wretched stars
  10 shadow wraiths
  8 titan skeletons
  A fire crab (shapeshifter) (Depths:2)
  11 glowing orange brains
  A sixfirhy (D:3)
  4 iron trolls
  3 cherubim
  35 skeletal warriors
  10 naga ritualists
  12 swamp dragons
  An orange crystal statue (WizLab)
  7 sea snakes (Snake:4)
  4 unseen horrors
  24 ironbrand convokers
  3 flayed ghosts
  3 wizards
  4 spriggan druids
  A golden dragon zombie (Crypt:1)
  24 deep trolls
  13 deep elf archers
  4 lindwurms
  A lindwurm (shapeshifter) (Vaults:4)
  14 phantasmal warriors
  3 shambling mangroves (Swamp:4)
  A swamp dragon (shapeshifter) (Depths:5)
  6 wolf spiders
  A harpy (shapeshifter) (Vaults:4)
  24 orc knights
  2 anaconda skeletons (Crypt:1)
  A wolf spider (shapeshifter) (Vaults:5)
  12 harpies
  2 manticores
  19 salamanders
  72 deep elf magi
  79 ugly things
  13 mana vipers
  6 oklob plants (Zig:10)
  2 orb spiders (Zig:8)
  5 orc sorcerers
  A shining eye (Zig:6)
  A shadow dragon skeleton (Crypt:3)
  A stone giant zombie (Crypt:1)
  11 necromancers
  A salamander (shapeshifter) (Depths:5)
  3 frost giant skeletons
  9 cyclopes
  11 guardian serpents
  22 moths of wrath
  2 sphinx skeletons
  2 manticores (shapeshifter) (Depths:3)
  6 elephants
  45 black mambas
  16 vault sentinels
  3 iron dragon skeletons
  A water nymph (shapeshifter) (Depths:3)
  3 fire giant skeletons
  2 guardian serpents (shapeshifter) (Depths:3)
  5 eyes of devastation
  A torpor snail (Lair:4)
  A black mamba (shapeshifter) (Vaults:4)
  A smoke demon (Zig:10)
  13 spiny frogs
  2 gargoyles
  3 dire elephant skeletons
  23 naga magi
  A shock serpent skeleton (Crypt:2)
  5 large abominations (Zig:10)
  An orange demon (Zot:5)
  2 molten gargoyles (Desolation)
  A storm dragon simulacrum (Crypt:1)
  A pale draconian zombie (Crypt:3)
  A spiny frog (shapeshifter) (Elf:2)
  A kobold demonologist (D:12)
  5 komodo dragons
  An elf skeleton (Vaults:5)
  A komodo dragon (shapeshifter) (Depths:3)
  65 yaktaurs
  A white draconian zombie (Crypt:1)
  A tormentor (Zig:10)
  2 rime drakes
  4 hellwings
  A grey draconian zombie (Crypt:3)
  A red devil (Depths:2)
  An elephant slug zombie (Crypt:2)
  A jumping spider (Zig:8)
  5 tyrant leeches
  7 tengu conjurers
  12 freezing wraiths
  3 ancient zymes
  A meliai (D:11)
  16 trolls
  29 hornets
  Grinder (D:3)
  5 polar bears (Lair:6)
  An alligator zombie (Crypt:1)
  A death drake skeleton (Crypt:3)
  2 hydra skeletons
  A wolf spider simulacrum (Crypt:1)
  17 hippogriffs
  38 slime creatures
  20 blink frogs
  7 dream sheep
  2 meliai zombies
  15 bog bodies
  59 saltlings (Desolation)
  A stone giant simulacrum (Crypt:1)
  An alligator skeleton (Crypt:3)
  A fire dragon skeleton (Crypt:3)
  22 spriggans
  9 air elementals
  2 ettin skeletons (Crypt:3)
  7 flying skulls
  A guardian serpent skeleton (Crypt:3)
  5 shadows
  A tarantella (shapeshifter) (Vaults:5)
  3 redbacks (Zig:8)
  40 yaks
  A ynoxinul (Abyss:2)
  4 hogs
  7 water elementals
  A wyvern (shapeshifter) (Elf:3)
  A wyvern (D:8)
  A fire elemental (Orc:2)
  13 wraiths
  Grum (D:8)
  3 neqoxecs
  10 basilisks
  6 golden eyes
  2 chaos spawn
  2 hungry ghosts (D:13)
  2 steam dragons (D:9)
  28 vampire mosquitoes
  5 wargs
  24 swamp worms
  5 acid dragons
  55 nagas
  A water moccasin (shapeshifter) (Vaults:2)
  39 insubstantial wisps
  A swamp worm (shapeshifter) (Elf:2)
  Duvessa (D:5)
  A soldier ant (D:11)
  14 water moccasins
  12 porcupines
  A hell hound (Depths:5)
  A deep troll skeleton (Vaults:5)
  A torturous demonspawn skeleton (Crypt:1)
  15 swamp drakes
  64 orc warriors
  5 black bears
  A monstrous demonspawn skeleton (Crypt:3)
  3 sky beasts
  A black bear (shapeshifter) (Vaults:5)
  4 eyes of draining
  A dream sheep zombie (Crypt:3)
  3 ice beasts
  4 phantoms
  An ettin simulacrum (Crypt:1)
  A tengu (shapeshifter) (Depths:4)
  7 necrophages
  34 ogres
  17 boggarts
  A tengu (D:11)
  A manticore skeleton (Crypt:3)
  A wolf (shapeshifter) (Depths:5)
  28 wolves
  A blink frog skeleton (Crypt:3)
  2 snapping turtle skeletons
  14 crocodiles
  15 centaurs
  2 big kobolds
  2 small abominations
  A wyvern zombie (D:13)
  19 bullfrogs
  4 earth elementals
  A gnoll sergeant (D:8)
  Dowan (D:5)
  A cyclops skeleton (Crypt:1)
  A queen bee zombie (Crypt:1)
  A water moccasin skeleton (Crypt:1)
  2 wyvern skeletons
  7 killer bees
  A human simulacrum (Vaults:2)
  A spriggan skeleton (Crypt:1)
  36 wights
  2 howler monkeys
  2 electric eels (Snake:3)
  17 crimson imps
  2 bullfrog zombies
  A human zombie (Crypt:2)
  22 starcursed masses
  A quasit (D:8)
  5 centaur zombies
  22 jellies
  32 orc priests
  2 bullfrog skeletons
  5 centaur skeletons
  4 hounds
  19 orc wizards
  An iron imp (Abyss:2)
  A human skeleton (Crypt:3)
  4 iguanas
  13 worker ants
  13 hell rats
  2 killer bee zombies
  A dwarf skeleton (Crypt:1)
  An ogre skeleton (Crypt:2)
  A hound skeleton (Crypt:1)
  A worker ant zombie (D:8)
  12 gnolls
  13 adders
  A river rat (D:10)
  A shadow imp (D:14)
  6 oozes
  6 worms
  3 dart slugs
  5 leopard geckos
  87 orcs
  4 giant cockroaches
  8 goblins
  7 hobgoblins
  12 jackals
  8 quokkas
  5 ball pythons
  3 ball python skeletons (Ossuary)
  11 bats
  14 frilled lizards
  2 hobgoblin skeletons (Ossuary)
  2 hobgoblin zombies (Ossuary)
  34 kobolds
  2 kobold zombies
  An orc skeleton (Ossuary)
  8 rats
  A river rat skeleton (Crypt:1)
  A butterfly (D:8)
  2 demonic plants (WizLab)
  A fungus (Lair:5)
  7 plants
  4 starspawn tentacles (WizLab)
3075 creatures vanquished.

Vanquished Creatures (collateral kills)
  A ghoul (Crypt:1)
  A sea snake (Snake:4)
  A skeletal warrior (Crypt:1)
  A flayed ghost (Crypt:1)
  2 guardian serpents (Snake:4)
  A freezing wraith (Crypt:1)
  A naga (Snake:4)
  A necrophage (Crypt:1)
9 creatures vanquished.

Vanquished Creatures (others)
  A pandemonium lord (Zot:2)
  3 liches (Zot:2)
  A deep elf master archer (Elf:3)
  A draconian shifter (Zot:2)
  A stone giant (Depths:3)
  A white draconian (Zot:5)
  A spark wasp (Zot:2)
  4 black draconians (Zot:2)
  A yaktaur captain (Vaults:3)
  2 tengu warriors
  A naga sharpshooter (Snake:2)
  A cherub (Depths:4)
  A deep elf archer (Orc:2)
  A cyclops (D:13)
  A moth of wrath (Zot:5)
  A salamander (Snake:1)
  2 yaktaurs (Depths:5)
  2 spriggans (Swamp:4)
  A centaur (D:10)
  11 bushes
  4 demonic plants (WizLab)
  20 fungi
  34 plants
  14 starspawn tentacles (WizLab)
110 creatures vanquished.

Grand Total: 3194 creatures vanquished

Notes
Turn   | Place    | Note
-------+----------+-------------------------------------------
     0 | D:1      | removed the Demigod Earth Elementalist began the quest for the Orb.
     0 | D:1      | Reached XP level 1. HP: 14/14 MP: 5/5
   458 | D:1      | Reached XP level 2. HP: 17/20 MP: 7/7
  1339 | D:2      | Reached XP level 3. HP: 26/26 MP: 8/8
  2162 | D:2      | Found a blossoming altar of Fedhas.
  2383 | D:3      | Noticed Grinder
  2397 | D:2      | Reached XP level 4. HP: 33/33 MP: 9/9
  2405 | D:2      | Learned a level 3 spell: Stone Arrow
  2706 | D:3      | Found a glowing drain.
  2715 | Sewer    | Entered a sewer
  2727 | Sewer    | Reached skill level 5 in Earth Magic
  3877 | D:3      | Reached XP level 5. HP: 38/38 MP: 8/10
  4291 | D:4      | Found a sand-covered staircase.
  4308 | Ossuary  | Entered an ossuary
  4426 | Ossuary  | Noticed a flying skull
  4426 | Ossuary  | Noticed a wraith
  4437 | Ossuary  | Noticed a flying skull
  4467 | Ossuary  | Noticed a wraith
  4535 | Ossuary  | Killed a wraith
  4535 | Ossuary  | Reached XP level 6. HP: 19/45 MP: 1/11
  5061 | Ossuary  | Noticed a flying skull
  5070 | Ossuary  | Noticed a flying skull
  5077 | Ossuary  | Noticed a wraith
  5095 | Ossuary  | Killed a wraith
  5095 | Ossuary  | Reached XP level 7. HP: 46/50 MP: 9/15
  5450 | D:5      | Entered Level 5 of the Dungeon
  5588 | D:5      | Noticed Dowan
  5711 | D:5      | Found an opulent altar of Gozag.
  5834 | D:5      | Reached skill level 1 in Conjurations
  6312 | D:5      | Noticed Duvessa
  6322 | D:5      | Killed Duvessa
  6332 | D:5      | Killed Dowan
  6500 | D:5      | Found an ornate altar of the Wu Jian Council.
  6500 | D:5      | Found an opulent altar of Gozag.
  6579 | D:6      | Reached XP level 8. HP: 50/57 MP: 15/17
  6619 | D:6      | Found a hide-covered altar of Uskayaw.
  6694 | D:6      | Found a hazy altar of Hepliaklqana.
  6730 | D:6      | Reached skill level 1 in Fighting
  6920 | D:6      | Found a sacrificial altar of Ru.
  7464 | D:7      | Learned a level 1 spell: Apportation
  7974 | D:7      | Found a shadowy altar of Dithmenos.
  8171 | D:7      | Found a staircase to the Ecumenical Temple.
  8218 | D:8      | Noticed a two-headed ogre
  8240 | D:8      | Killed a two-headed ogre
  8240 | D:8      | Reached skill level 5 in Conjurations
  8240 | D:8      | Reached XP level 9. HP: 71/71 MP: 8/19
  8422 | D:8      | Reached skill level 5 in Spellcasting
  8577 | D:8      | Noticed Grum
  9320 | D:8      | Killed Grum
  9347 | D:8      | Reached skill level 5 in Dodging
  9433 | D:8      | Found a shimmering altar of Xom.
  9468 | D:8      | Found a burning altar of Makhleb.
  9521 | D:8      | Found a shattered altar of Ashenzari.
 10062 | D:9      | Reached skill level 5 in Fighting
 10062 | D:9      | Reached XP level 10. HP: 80/81 MP: 10/21
 10072 | D:9      | Learned a level 5 spell: Lee's Rapid Deconstruction
 10180 | D:9      | Got a twisted falchion
 10181 | D:9      | Identified the +9 falchion of Exhibitionism {venom, Int+6} (You found it on level 9 of the Dungeon)
 10543 | D:10     | Entered Level 10 of the Dungeon
 10599 | D:10     | Found a staircase to the Orcish Mines.
 10607 | D:10     | Noticed a death yak
 10631 | D:10     | Killed a death yak
 10631 | D:10     | Reached skill level 10 in Earth Magic
 10927 | D:10     | Noticed a two-headed ogre
 10939 | D:10     | Killed a two-headed ogre
 10944 | D:10     | Noticed a death yak
 10945 | D:10     | Noticed a death yak
 11068 | D:10     | Killed a death yak
 11118 | D:10     | Killed a death yak
 11507 | D:10     | Found a staircase to the Lair.
 11539 | D:10     | Killed an unseen horror
 11684 | D:9      | Reached XP level 11. HP: 42/86 MP: 3/25
 11914 | D:10     | Found a roughly hewn altar of Beogh.
 12701 | D:11     | Noticed Sonja
 12702 | D:11     | Noticed Sonja
 12702 | D:11     | Sonja changed into Sonja the tengu
 12705 | D:11     | Killed Sonja the tengu
 12843 | D:11     | Noticed a two-headed ogre
 12856 | D:11     | Killed a two-headed ogre
 12872 | D:11     | Noticed Urug
 13220 | D:11     | Found a white marble altar of Elyvilon.
 13308 | D:11     | Noticed a five-headed hydra
 13549 | D:11     | Killed Urug
 14023 | D:3      | Found a hazy altar of Hepliaklqana.
 14818 | D:3      | Found a hazy altar of Hepliaklqana.
 14924 | D:3      | Killed Grinder
 15067 | Lair:1   | Entered Level 1 of the Lair of Beasts
 15263 | D:10     | Noticed a two-headed ogre
 15269 | D:10     | Killed a two-headed ogre
 16300 | Lair:2   | Reached XP level 12. HP: 100/100 MP: 26/28
 17054 | Lair:2   | Found a staircase to the Swamp.
 17087 | Lair:2   | Found a blossoming altar of Fedhas.
 17292 | Lair:3   | Noticed a five-headed hydra
 17302 | Lair:3   | Killed a five-headed hydra
 17600 | Lair:3   | Found a staircase to the Snake Pit.
 18394 | Lair:4   | Noticed Snorg
 18403 | Lair:4   | Killed Snorg
 18403 | Lair:4   | Reached skill level 10 in Spellcasting
 18412 | Lair:4   | Reached skill level 1 in Shields
 19262 | Lair:4   | Got a smoking rapier
 19263 | Lair:4   | Identified the +8 rapier of Tenacity {pierce, MR- Str+2 Dex+4 Stlth+} (You found it on level 4 of the Lair of Beasts)
 19587 | Lair:4   | Noticed Nergalle
 19597 | Lair:4   | Killed Nergalle
 19908 | Lair:4   | Reached skill level 5 in Shields
 20045 | Lair:5   | Noticed a catoblepas
 20069 | Lair:4   | Killed a catoblepas
 20217 | Lair:5   | Noticed Nessos
 20225 | Lair:4   | Reached XP level 13. HP: 107/107 MP: 26/31
 20290 | Lair:5   | Noticed Kirke
 20937 | Lair:5   | Killed Nessos
 21789 | Lair:5   | Found a staircase to the Slime Pits.
 22319 | Lair:5   | Killed Kirke
 22747 | Lair:6   | Entered Level 6 of the Lair of Beasts
 22747 | Lair:6   | Noticed Josephine
 22900 | Lair:6   | Killed Josephine
 24566 | Lair:6   | Reached XP level 14. HP: 105/118 MP: 22/32
 24773 | Lair:6   | Noticed Dominolapin's ghost (journeyman MfTm)
 25754 | Lair:6   | Reached skill level 10 in Dodging
 25773 | Lair:6   | Reached skill level 10 in Fighting
 26113 | Lair:6   | HP: 6/121 [poisoned by Dominolapin's ghost (toxic radiance)]
 26115 | Lair:5   | HP: 2/121 [poisoned by Dominolapin's ghost (toxic radiance)]
 26823 | Lair:6   | Killed Dominolapin's ghost
 28224 | D:12     | Reached skill level 15 in Earth Magic
 28485 | Orc:1    | Entered Level 1 of the Orcish Mines
 28833 | Orc:1    | Noticed chonchonts's ghost (journeyman MiFi)
 29066 | Orc:2    | Entered Level 2 of the Orcish Mines
 29667 | Orc:2    | Found a staircase to the Elven Halls.
 31775 | Orc:2    | Noticed Saint Roka
 34135 | D:13     | Reached XP level 15. HP: 123/126 MP: 0/36
 35383 | D:14     | Found a gate to the Vaults.
 35932 | D:15     | Entered Level 15 of the Dungeon
 36033 | D:15     | Got a bloodstained hand axe
 36036 | D:15     | Identified the +2 hand axe "Minaso" {freeze, rPois rC+ Dex+3} (You found it on level 15 of the Dungeon)
 36051 | D:15     | Got a dazzling leather armour
 36062 | D:15     | Identified the +0 leather armour of Guter {Int+2 Dex+3} (You found it on level 15 of the Dungeon)
 37369 | D:15     | Found a staircase to the Depths.
 37626 | D:15     | Got a shimmering lead ring
 37628 | D:15     | Identified the ring of Pufis {+Fly rN++ Dex+3 Stlth+} (You took it off a wight on level 15 of the Dungeon)
 38267 | D:10     | Identified a scroll of acquirement
 38267 | D:10     | Identified the Volume of the Mountains (You acquired it on level 10 of the Dungeon)
 38275 | D:10     | Learned a level 5 spell: Bolt of Magma
 38762 | Orc:1    | Killed chonchonts's ghost
 39084 | Orc:2    | Reached skill level 1 in Fire Magic
 39232 | Orc:2    | Killed Saint Roka
 40308 | Orc:2    | Reached skill level 5 in Fire Magic
 40402 | Orc:2    | Found Uden Ycs's Antique Armour Shoppe.
 40405 | Orc:2    | Found Ivywejuh's Assorted Antiques.
 40406 | Orc:2    | Found Bohyol's Distillery.
 40407 | Orc:2    | Found Apanieb's Book Shoppe.
 40441 | Orc:2    | Bought a book of Power for 630 gold pieces
 40448 | Orc:2    | Learned a level 6 spell: Iron Shot
 40451 | Orc:2    | Bought a pair of embroidered boots for 255 gold pieces
 40473 | Orc:2    | Bought a shiny buckler for 240 gold pieces
 40735 | Elf:1    | Entered Level 1 of the Elven Halls
 40753 | Elf:1    | Noticed Aizul
 40761 | Elf:1    | Killed Aizul
 41419 | Elf:1    | Identified the Tome of Summoning
 42025 | Elf:1    | Found Giuha's Antique Weapon Emporium.
 42091 | Elf:1    | Reached XP level 16. HP: 137/137 MP: 14/37
 42251 | Elf:1    | You fall through a shaft!
 42251 | Elf:2    | Noticed a deep elf blademaster
 42297 | Elf:2    | Found Vanorch's Book Shoppe.
 42654 | Elf:1    | Bought a runed demon trident for 558 gold pieces
 42733 | Elf:1    | Reached skill level 1 in Polearms
 43651 | Elf:2    | Reached skill level 5 in Polearms
 44018 | Elf:2    | Found a runed gate.
 44018 | Elf:2    | Found a runed gate.
 44018 | Elf:2    | Found a runed gate.
 44034 | Elf:2    | Got an encrusted scimitar
 44035 | Elf:2    | Identified the +3 scimitar of Diet Blood {freeze, +Fly rF- rN++ Dex+3} (You found it on level 2 of the Elven Halls)
 45708 | Swamp:1  | Entered Level 1 of the Swamp
 48520 | Swamp:3  | Reached skill level 10 in Polearms
 50258 | Snake:1  | Entered Level 1 of the Snake Pit
 50276 | Snake:1  | Reached XP level 17. HP: 144/144 MP: 17/39
 50382 | Snake:1  | Noticed Frances
 50384 | Snake:1  | Killed Frances
 51678 | Snake:2  | Got a steaming short sword
 51803 | Snake:2  | Found Zochuhe's Antique Armour Shoppe.
 52037 | Snake:2  | Noticed Louise
 52055 | Snake:2  | Killed Louise
 52318 | Snake:2  | Found Sanairr's Weapon Shop.
 52899 | Snake:2  | Noticed Donald
 52908 | Snake:2  | Killed Donald
 53100 | Snake:2  | Noticed Vashnia
 53447 | Snake:2  | Found Quashrou's Assorted Antiques.
 54531 | Snake:2  | Killed Vashnia
 55292 | Snake:2  | Bought a pair of runed boots for 232 gold pieces
 56102 | Snake:3  | Found Raepur's Jewellery Emporium.
 56104 | Snake:3  | Found Oqoperr's General Store.
 56179 | Snake:3  | Found Dekax's Distillery.
 58031 | Snake:4  | Entered Level 4 of the Snake Pit
 58184 | Snake:4  | Reached XP level 18. HP: 147/151 MP: 25/41
 61577 | Snake:4  | Got a serpentine rune of Zot
 61826 | Swamp:4  | Entered Level 4 of the Swamp
 62365 | Swamp:4  | HP: 2/151 [five-headed hydra (7)]
 62828 | Swamp:4  | Reached skill level 15 in Spellcasting
 64892 | Swamp:4  | Reached XP level 19. HP: 157/157 MP: 17/43
 65563 | Swamp:4  | Got a decaying rune of Zot
 65837 | Orc:2    | Bought a potion of heal wounds for 75 gold pieces
 65837 | Orc:2    | Bought a potion of heal wounds for 75 gold pieces
 66013 | Vaults:1 | Entered Level 1 of the Vaults
 66240 | Vaults:1 | Found a ruined gateway.
 66249 | Desolati | Entered the Desolation of Salt
 66920 | Desolati | Identified Rietiawn's Volume of Earthen Poisoning
 66987 | Desolati | Identified the Disquisition on Bewitchment and the Blaze
 67808 | Desolati | Got a pair of heavily runed gloves
 67819 | Desolati | Identified the +0 pair of gloves of Utiychag {-Cast rPois Slay+6} (You found it in the Desolation of Salt)
 67841 | Desolati | Got an encrusted scale mail
 68796 | Desolati | Got an ebony battleaxe
 68798 | Desolati | Got an iridescent fustibalus
 68816 | Desolati | Got a vibrating glass ring
 68877 | Desolati | Identified the +0 scale mail of Nuwkes {rPois rCorr Dex-2} (You found it in the Desolation of Salt)
 68889 | Desolati | Got a vibrating silver ring
 68892 | Desolati | Identified the ring of the Final Decision {rF- rN+ Int+5} (You found it in the Desolation of Salt)
 68894 | Desolati | Identified the ring of Linearity {rN+ Stlth+} (You found it in the Desolation of Salt)
 69098 | Vaults:1 | Learned a level 9 spell: Shatter
 70271 | Vaults:1 | Found a bloodstained altar of Trog.
 70281 | Vaults:1 | Found Ceocergh's Book Shop.
 70719 | Vaults:1 | Got a scorched granite ring
 71129 | Vaults:1 | Reached XP level 20. HP: 157/168 MP: 27/44
 71337 | Vaults:1 | Identified the ring of Xusixyka {Str+6 Int+2 Dex-5 Stlth+} (You found it on level 1 of the Vaults)
 71620 | Vaults:2 | Noticed Boris
 71644 | Vaults:2 | Killed Boris
 73873 | Vaults:2 | Found a hazy altar of Hepliaklqana.
 73881 | Vaults:2 | Paralysed by a wizard for 4 turns
 74451 | Vaults:3 | Found a magical portal.
 74951 | WizLab   | Entered Lehudib's Moon Base
 75942 | WizLab   | Found a transporter.
 77049 | WizLab   | Reached XP level 21. HP: 174/174 MP: 35/46
 77635 | WizLab   | Found a transporter.
 77637 | WizLab   | Identified Lehudib's Incunabulum of the Unstable Rocks
 77694 | WizLab   | Learned a level 8 spell: Lehudib's Crystal Spear
 77785 | Vaults:3 | Learned a level 2 spell: Blink
 78033 | Vaults:3 | Found a staircase to the Crypt.
 78033 | Vaults:3 | Found a basalt altar of Yredelemnul.
 78034 | Vaults:3 | Found an ancient bone altar of Kikubaaqudgha.
 79170 | Orc:2    | Bought a manual of Fighting for 1545 gold pieces
 80850 | Vaults:4 | Reached skill level 15 in Fighting
 81748 | Orc:2    | Bought 2 potions of haste for 300 gold pieces
 81748 | Orc:2    | Bought a potion of magic for 120 gold pieces
 82013 | Snake:2  | Bought a potion of heal wounds for 190 gold pieces
 82013 | Snake:2  | Bought a scroll of enchant weapon for 285 gold pieces
 83523 | Elf:3    | Entered Level 3 of the Elven Halls
 83642 | Elf:3    | Found Ushong's Assorted Antiques.
 83756 | Elf:3    | Cast into level 2 of the Abyss (a deep elf sorcerer)
 83969 | Abyss:2  | Reached skill level 10 in Conjurations
 84022 | Elf:3    | Escaped the Abyss
 84023 | Elf:3    | Reached XP level 22. HP: 32/195 MP: 3/48
 84865 | Elf:3    | Got a scorched turquoise ring
 84983 | Elf:3    | Got an ancient hand axe
 84988 | Elf:3    | Got a heavily runed chain mail
 84996 | Elf:3    | Identified the Disquisition on Poison
 85130 | Elf:3    | Got a jewelled ring mail
 85133 | Elf:3    | Identified the Collected Works on the Volcanoes and Execration
 85148 | Elf:3    | Identified the +2 ring mail "Ytiol" {Str+3} (You found it on level 3 of the Elven Halls)
 85158 | Elf:3    | Identified the +4 chain mail of Valour {Str+4} (You found it on level 3 of the Elven Halls)
 85173 | Elf:3    | Identified the Disquisition on Warped Execration
 85224 | Elf:3    | Got a dazzling mace {venom}
 85293 | Elf:3    | Learned a level 3 spell: Regeneration
 85295 | Elf:3    | Got a translucent hand axe
 86092 | Elf:3    | Identified the ring of Kuteneef {+Blink rElec rPois rC- Int+4} (You took it off a deep elf sorcerer on level 3 of the Elven Halls)
 86377 | Crypt:1  | Entered Level 1 of the Crypt
 87844 | Crypt:1  | Noticed Xtahua
 87850 | Crypt:1  | Killed Xtahua
 89617 | Crypt:2  | Paralysed by a vampire knight for 6 turns
 90630 | Crypt:3  | Entered Level 3 of the Crypt
 90968 | Crypt:3  | Found a staircase to the Tomb.
 91850 | Crypt:3  | Found an ancient bone altar of Kikubaaqudgha.
 91876 | Crypt:3  | Noticed an ancient lich
 91878 | Crypt:3  | Killed an ancient lich
 92047 | Crypt:3  | Reached XP level 23. HP: 202/202 MP: 25/50
 92343 | Crypt:3  | Got a bronze scale mail
 93187 | Crypt:3  | Got an ichor-stained plate armour
 93520 | Crypt:3  | Identified the cursed +0 plate armour of the Jackalope {rElec rF+} (You took it off a skeletal warrior on level 3 of the Crypt)
 93531 | Crypt:3  | Identified the +2 scale mail of the Good {Str+9} (You took it off a skeletal warrior on level 3 of the Crypt)
 93654 | Crypt:3  | Found the +6 shillelagh "Devastator" {shatter}
 93757 | Crypt:3  | Got a smoking plate armour
 93768 | Crypt:3  | Identified the cursed +0 plate armour "Romumaen" {+Blink rN+} (You found it on level 3 of the Crypt)
 94522 | Depths:1 | Entered Level 1 of the Depths
 94567 | Depths:1 | Found a gateway to Hell.
 94816 | Depths:1 | Found Qadem's Antique Weapon Shop.
 94996 | Depths:1 | Found a flickering gateway to a bazaar.
 95004 | Bazaar   | Entered a bazaar
 95012 | Bazaar   | Found Ynguis's Jewellery Shop.
 95012 | Bazaar   | Found Zeb Risu's Book Boutique.
 95762 | Depths:1 | Got an ancient great sword
 95832 | Depths:1 | Gained mutation: Your flesh is heat resistant. (rF+) [mutagenic meat]
 95833 | Depths:1 | Gained mutation: Armour fits poorly on your strangely shaped body. [mutagenic meat]
 95836 | Depths:1 | Lost mutation: Your flesh is heat resistant. (rF+) [mutagenic meat]
 95837 | Depths:1 | Lost mutation: Armour fits poorly on your strangely shaped body. [mutagenic meat]
 95838 | Depths:1 | Gained mutation: Your muscles are strong. (Str +2) [mutagenic meat]
 95839 | Depths:1 | Gained mutation: Armour fits poorly on your strangely shaped body. [mutagenic meat]
 95844 | Depths:1 | Gained mutation: You are agile. (Dex +2) [mutagenic meat]
 95943 | Depths:2 | Found a gateway to a ziggurat.
 95944 | Depths:2 | Noticed an ancient lich
 96064 | Depths:2 | Killed an ancient lich
 96176 | Depths:2 | Found a one-way gate to the infinite horrors of the Abyss.
 96188 | Depths:2 | Lost mutation: Your muscles are strong. (Str +2) [mutagenic meat]
 96189 | Depths:2 | Gained mutation: You are robust. (+10% HP) [mutagenic meat]
 96325 | Depths:2 | Gained mutation: Your system is resistant to poisons. (rPois) [mutagenic meat]
 96326 | Depths:2 | Gained mutation: You have a beak for a mouth. [mutagenic meat]
 96328 | Depths:2 | Gained mutation: You are weak. (Str -2) [mutagenic meat]
 96507 | Depths:2 | Gained mutation: You are resistant to hostile enchantments. (MR+) [mutagenic meat]
 96513 | Depths:2 | Lost mutation: You are weak. (Str -2) [mutagenic meat]
 96522 | Depths:2 | Gained mutation: You possess an exceptional clarity of mind. [mutagenic meat]
 96531 | Depths:2 | Gained mutation: Your flesh is heat resistant. (rF+) [mutagenic meat]
 96532 | Depths:2 | Lost mutation: You are robust. (+10% HP) [mutagenic meat]
 96535 | Depths:2 | Gained mutation: Your muscles are strong. (Str +2) [mutagenic meat]
 96551 | Depths:2 | Lost mutation: You possess an exceptional clarity of mind. [potion of mutation]
 96551 | Depths:2 | Lost mutation: Your muscles are strong. (Str +2) [potion of mutation]
 96551 | Depths:2 | Lost mutation: You are resistant to hostile enchantments. (MR+) [potion of mutation]
 96551 | Depths:2 | Lost mutation: Armour fits poorly on your strangely shaped body. [potion of mutation]
 96551 | Depths:2 | Gained mutation: You are partially covered in molten scales. (AC +2) [potion of mutation]
 96551 | Depths:2 | Gained mutation: Your spells are a little harder to cast, but a little more powerful. [potion of mutation]
 96551 | Depths:2 | Gained mutation: You have large cloven feet. [potion of mutation]
 96866 | Depths:2 | Noticed smashysmashy's ghost (veteran TrMo)
 96871 | Depths:2 | Killed smashysmashy's ghost
 96976 | Depths:2 | Found Tiuthrila's Gadget Emporium.
 97376 | Depths:3 | Reached XP level 24. HP: 137/210 MP: 18/50
 97825 | Depths:3 | Identified the Grimoire of Igneous Companions
 99018 | Depths:3 | Found a blossoming altar of Fedhas.
 99019 | Depths:3 | Found a white marble altar of Elyvilon.
 99026 | Depths:3 | Found a sacrificial altar of Ru.
 99218 | Depths:3 | Noticed a juggernaut
 99225 | Depths:3 | Killed a juggernaut
 99935 | Depths:3 | Got a smoking scale mail
100635 | Depths:3 | Noticed a juggernaut
100639 | Depths:3 | Killed a juggernaut
101068 | Depths:3 | Found a one-way gate leading to the halls of Pandemonium.
101442 | Depths:3 | Identified the Tome of Shifting Combat Magic
101896 | Depths:4 | Found Piush's Gadget Shoppe.
102352 | Depths:4 | Got a polished large shield
102356 | Depths:4 | Found a hide-covered altar of Uskayaw.
102534 | Depths:4 | Identified the cursed +0 scale mail of Resonance {MR++} (You took it off a tengu warrior on level 3 of the Depths)
102544 | Depths:4 | Identified the +7 large shield "Lababef" {rElec} (You took it off a daeva on level 4 of the Depths)
102594 | Depths:4 | Got a warped short sword
103181 | Depths:5 | Entered Level 5 of the Depths
103183 | Depths:5 | Reached XP level 25. HP: 216/216 MP: 41/53
103922 | Depths:5 | Found a gate to the Realm of Zot.
106325 | Depths:5 | Found Sianop's Jewellery Shop.
106326 | Depths:5 | Found Dar Petisoy's Gadget Emporium.
106327 | Depths:5 | Found Icoga's Jewellery Shop.
106935 | Zig:1    | Entered Level 1 of a ziggurat
106992 | Zig:2    | Entered Level 2 of a ziggurat
107106 | Zig:3    | Entered Level 3 of a ziggurat
107206 | Zig:3    | Got a blackened glaive
107209 | Zig:3    | Identified the +8 glaive of Corporal Punishment {chop, rElec} (You found it on level 3 of a ziggurat)
107213 | Zig:4    | Entered Level 4 of a ziggurat
107216 | Zig:4    | Found the +8 trident of the Octopus King {venom, rElec rPois MR+}
107272 | Zig:5    | Entered Level 5 of a ziggurat
107646 | Zig:6    | Entered Level 6 of a ziggurat
107649 | Zig:6    | Lost mutation: You are agile. (Dex +2) [a shining eye]
107768 | Zig:6    | Got a slimy great mace
107781 | Zig:7    | Entered Level 7 of a ziggurat
108049 | Zig:7    | Got a steaming demon blade
108050 | Zig:7    | Identified the +7 demon blade of Reapportionment {slice, *Noise MR+ Dex+2} (You found it on level 7 of a ziggurat)
108053 | Zig:7    | Got a slimy demon blade
108104 | Zig:8    | Entered Level 8 of a ziggurat
108286 | Zig:8    | Identified the +1 demon blade of the Sky {pain, MR+ Dex+3} (You found it on level 7 of a ziggurat)
108288 | Zig:8    | Got a heavily runed ring mail
108299 | Zig:8    | Identified the +2 ring mail of Leaves {rC+ Dex+2} (You found it on level 8 of a ziggurat)
108316 | Zig:8    | Reached XP level 26. HP: 224/224 MP: 55/56
108332 | Zig:9    | Entered Level 9 of a ziggurat
108339 | Zig:9    | Noticed a juggernaut
108343 | Zig:9    | Killed a juggernaut
108601 | Zig:9    | Got a fine arbalest
108615 | Zig:9    | Got a smoking mace
108640 | Zig:10   | Entered Level 10 of a ziggurat
108656 | Zig:10   | Gained mutation: You expend magic power (3 MP) to strengthen your wands. [a cacodemon]
109286 | Vaults:5 | Entered Level 5 of the Vaults
109286 | Vaults:5 | Noticed Boris
109290 | Vaults:5 | Reached XP level 27. HP: 209/231 MP: 47/56
109291 | Vaults:5 | Killed Boris
110800 | Vaults:5 | Noticed Mara
110967 | Vaults:5 | Killed Mara
111213 | Vaults:5 | Got faintly glowing steam dragon scales
111223 | Vaults:5 | Got a steaming lead amulet
111224 | Vaults:5 | Identified the amulet "Esyhap" {RegenMP Int+7 Slay+5} (You took it off an ironbrand convoker on level 5 of the Vaults)
111294 | Vaults:5 | Got a transparent morningstar {protect}
111366 | Vaults:5 | Identified the +5 morningstar of Turmoil {protect, Str+2 Int+5} (You took it off a necromancer on level 5 of the Vaults)
111379 | Vaults:5 | Identified the +3 steam dragon scales of Gestures {+Fly rF- Dex+7 Stlth+} (You took it off an ironbrand convoker on level 5 of the Vaults)
111473 | Vaults:5 | Got a dazzling glaive {freeze}
112001 | Vaults:5 | Found Xovuz's Gadget Shoppe.
112100 | Vaults:5 | Identified the Incunabulum of Enthralling Feathers
112104 | Vaults:5 | Got a faintly glowing ring mail
112115 | Vaults:5 | Identified the +5 ring mail of the Wheelwright {*Corrode rElec Str+4 Dex+7} (You found it on level 5 of the Vaults)
112134 | Vaults:5 | Got pearl-encrusted fire dragon scales
112145 | Vaults:5 | Identified the +7 fire dragon scales of Lugonu's Displeasure {-Tele rF++ rC- rCorr Str+5} (You found it on level 5 of the Vaults)
112308 | Vaults:5 | Got a silver rune of Zot
113174 | Snake:3  | Bought a potion of haste for 160 gold pieces
113174 | Snake:3  | Bought a potion of resistance for 160 gold pieces
113174 | Snake:3  | Bought a potion of haste for 160 gold pieces
113174 | Snake:3  | Bought a potion of mutation for 128 gold pieces
113174 | Snake:3  | Bought a potion of mutation for 128 gold pieces
113174 | Snake:3  | Bought 2 potions of heal wounds for 160 gold pieces
113174 | Snake:3  | Bought a potion of agility for 64 gold pieces
113174 | Snake:3  | Bought a potion of cancellation for 128 gold pieces
113435 | Elf:3    | Bought a potion of haste for 370 gold pieces
113685 | Snake:3  | Bought 2 potions of magic for 240 gold pieces
113935 | Orc:2    | Bought a potion of resistance for 340 gold pieces
113935 | Orc:2    | Bought a potion of agility for 136 gold pieces
114185 | Snake:3  | Bought a royal jelly for 30 gold pieces
114185 | Snake:3  | Bought a potion of might for 60 gold pieces
114185 | Snake:3  | Bought a royal jelly for 30 gold pieces
114638 | Depths:2 | Reached skill level 15 in Conjurations
114698 | Zot:1    | Entered Level 1 of the Realm of Zot
116599 | Zot:5    | Entered Level 5 of the Realm of Zot
116734 | Zot:5    | Noticed an ancient lich
116735 | Zot:5    | Killed an ancient lich
116746 | Zot:5    | Noticed an ancient lich
116747 | Zot:5    | Killed an ancient lich
116818 | Zot:5    | Noticed an ancient lich
116819 | Zot:5    | Noticed an ancient lich
116823 | Zot:5    | Killed an ancient lich
117046 | Zot:5    | Noticed an orb of fire
117050 | Zot:5    | Gained mutation: You passively map a small area around you. [an orb of fire]
117052 | Zot:5    | Killed an orb of fire
117217 | Zot:5    | Noticed an orb of fire
117221 | Zot:5    | Gained mutation: Your body sometimes deteriorates upon taking damage. [an orb of fire]
117222 | Zot:5    | Noticed an ancient lich
117225 | Zot:5    | Killed an ancient lich
117227 | Zot:5    | Noticed an orb of fire
117228 | Zot:5    | Killed an orb of fire
117244 | Zot:5    | Killed an orb of fire
117244 | Zot:5    | Reached skill level 27 in Spellcasting
117340 | Zot:5    | Killed an ancient lich
117643 | Zot:5    | Noticed an ancient lich
117644 | Zot:5    | Killed an ancient lich
117972 | Zot:5    | Got the Orb of Zot
118148 | Zot:2    | Killed Kicol the pandemonium lord
118185 | Depths:4 | Noticed a seraph
118290 | Depths:1 | Reached skill level 27 in Earth Magic
118656 | D:$      | Escaped with the Orb!

Vault maps used:
D:1:      dpeg_arrival_simpleton_a, solitary_fountain, minmay_misc_feat_doors,
          minmay_misc_feat_tower
D:2:      lemuel_crystal_altar, minmay_ruptured
D:3:      lemuel_doored_altar, portal_sewer_entry_d, first_bread, uniq_grinder
D:4:      chequers_ossuary_entry_cave
D:5:      gammafunk_temple_overflow_elements, grunt_decor_fettered,
          grunt_gozag_breadcrumbs, uniq_duvessa
D:6:      overflow_temple_1_default, nicolae_overflow_hidden_temple, basic_altar
D:7:      grunt_dithmenos_smoke, lemuel_temple_firewalk_a
D:8:      xom_butterflies, kennysheep_little_box, marbit_many_paths,
          minmay_misc_feat_iff, uniq_grum
D:9:      cheibrodos_steamvent
D:10:     dpeg_lair_monsters, minmay_orc_entry_temple_small
D:11:     basic_altar, uniq_sonja, uniq_urug
D:14:     erik_vaults_1, serial_bayou_pond_d
D:15:     grunt_enter_depths_hoard, serial_park_square2
Lair:1:   grunt_megastairs_2, infiniplex_staircase_pool_2
Lair:2:   minmay_swamp_entry_swarm, st_stairs_13, bh_chokoban,
          lemuel_oklob_altar, grunt_megastairs_3, lemuel_fruit_tree
Lair:3:   dummy_snake_entry
Lair:4:   kennysheep_basilisk_garden, serial_bayou_shore_b, uniq_nergalle,
          uniq_snorg
Lair:5:   slime_dummy, minmay_lair_oklob_chamber, serial_bayou_shore_b,
          uniq_nessos, uniq_kirke
Lair:6:   minmay_lair_end_enchanted_forest, nicolae_lair_grove_arrangements,
          infiniplex_staircase_pool, uniq_josephine
Swamp:1:  hangedman_swamp_lotus, swamp_pool3, roderic_carrion_pond
Swamp:2:  nicolae_swamp_fairy_circle, swamp_pool2, nicolae_swamp_round_clearing
Swamp:3:  hangedman_swamp_blocks
Swamp:4:  swamp_alternative
Snake:1:  uniq_frances
Snake:2:  serial_shops, nicolae_shop_waterfront,
          nicolae_shop_overgrown_old_shop, nicolae_shop_stone, uniq_donald,
          uniq_louise, uniq_vashnia
Snake:3:  minmay_shop_star, serial_bayou_shore_a
Snake:4:  grunt_snake_rune_pools
Orc:1:    nicolae_orc_bridge_out
Orc:2:    st_orc_pillars, uniq_saint_roka
Elf:1:    serial_shops, shop, minmay_elf_demonology, grunt_megastairs_4,
          uniq_aizul
Elf:2:    serial_shops, shop_fountains, serial_glass, glass_columns_a,
          glass_columns_a, hangedman_elven_ridges, basic_stair_grate_trap
Elf:3:    minmay_elf_hall_spiked, serial_shops, shop_fountains,
          serial_sigils_hangedman_stare
Vaults:1: v_misc_29, ontoclasm_vaults_ring_large, st_cross, v_rooms_3,
          v_pattern_2, ontoclasm_vaults_ligature, ontoclasm_vaults_idyll,
          vaults_room_stairs_pillars, vaults_standard_mumra_enter_the_diamond,
          vaults_mumra_lcd, nicolae_vaults_what_the_h,
          portal_desolation_entry_nicolae_slug, serial_shops,
          nicolae_shop_waterfront, basic_altar
Vaults:2: nicolae_vaults_three_branches, grunt_vaults_funnel, st_smaller_cells,
          v_pattern_3, v_misc_26, nicolae_vaults_yaktaur_gun_rack,
          vaults_room_hallway, basic_altar, uniq_boris
Vaults:3: v_rooms_1, minmay_crypt_entry_necro_gods, vaults_room_door_hall,
          ontoclasm_vaults_fault, vaults_dpeg_ring, vaults_room_stairs_pillars,
          nicolae_vaults_theta, nicolae_vaults_shelves_hall,
          ontoclasm_vaults_pinch, vaults_room_semicircle, mu_enter_wizlab_1
Vaults:4: v_rooms_6, nicolae_vaults_ring_of_whatevers, hangedman_vaults_stream,
          ontoclasm_vaults_chip, vaults_dpeg_hooks, ontoclasm_vaults_misaligned,
          nicolae_vaults_border_crossing, nicolae_vaults_rhombus_6,
          grunt_vaults_hallway_long, dpeg_vaults_monster_box
Vaults:5: uniq_mara, uniq_boris
Crypt:1:  uniq_xtahua
Crypt:2:  glass_columns_a
Crypt:3:  due_elkab, basic_altar
Depths:1: hangedman_coc_ice_floe, hex_tiny, serial_shops, bzr_entry_water,
          nicolae_shop_overgrown_old_shop, minmay_acid_items
Depths:2: minmay_glassy_protrusions, enter_ziggurat_d, serial_shops, shop,
          abyss_entry, pf_hell_entry_tar_spiral, minmay_crystal_water,
          firewood_loft, minmay_staircase_statues
Depths:3: hangedman_slaughterboxes, pan_entry, hell_entry
Depths:4: regret_index_uskayaw_diablada_macabre, serial_shops, shop, hell_entry,
          minmay_strange_pillars, abyss_entry_crystal
Depths:5: grunt_zot_entry_tricorne, grunt_mini_vestibule,
          minmay_tree_intersection, minmay_shop_grove
Zot:1:    hangedman_zot_vaults_quadrants
Zot:2:    infiniplex_zot_generator, hangedman_zot_wheel_spokes, st_stairs_3,
          stair_cage_line
Zot:5:    grunt_ministairs_15
Abyss:2:  evilmike_abyss_exit_mutagenic
Zig:9:    ziggurat_pillar_centre_dead_trees
Zig:10:   ziggurat_pillar_centre_oklobs
Bazaar:   bazaar_mystics
Sewer:    sewer_co_scattered_pipes
Ossuary:  ossuary_due_cavern
WizLab:   wizlab_lehudib

Skill      XL: |  1  2  3  4  5  6  7  8  9 10 11 12 13 14 15 16 17 18 19 20 21 22 23 24 25 26 27 |
---------------+----------------------------------------------------------------------------------+-----
Earth Magic    | 3 4 5 6 7 8 9 11 12 14 15 16 17 19 22 23 25 26 27 | 27.0
Spellcasting   | 3 4 5 7 8 10 12 13 15 16 17 20 22 27 | 27.0
Conjurations   | 3 5 6 8 10 11 12 15 | 15.2
Fighting       | 4 5 7 8 9 10 11 12 16 | 16.0
Dodging        | 4 5 8 9 10 11 12 | 12.0
Shields        | 5 |  5.0
Fire Magic     | 5 |  5.0
Polearms       | 10 14 | 14.0
Stealth        | |  1.7
Transmutations | |  0.8

Action                   |  1- 3 |  4- 6 |  7- 9 | 10-12 | 13-15 | 16-18 | 19-21 | 22-24 | 25-27 || total
-------------------------+-------+-------+-------+-------+-------+-------+-------+-------+-------++-------
Melee: Short sword       |   102 |   113 |   153 |       |       |       |       |       |       ||   368
       Scimitar          |       |    33 |     3 |       |       |       |       |       |       ||    36
       Falchion          |       |       |       |   106 |   167 |       |       |       |       ||   273
       Unarmed           |       |       |       |       |    36 |       |       |       |       ||    36
       Demon trident     |       |       |       |       |       |   353 |   271 |   155 |    67 ||   846
       Staff             |       |       |       |       |       |    15 |    20 |    14 |     9 ||    58
       Peck              |       |       |       |       |       |       |       |     6 |    14 ||    20
 Fire: Blowgun           |       |       |     2 |    16 |     6 |       |       |       |       ||    24
 Cast: Sandblast         |    23 |    39 |    91 |   246 |   267 |       |       |       |       ||   666
       Stone Arrow       |       |    10 |    59 |   187 |   744 |   278 |     9 |     7 |       ||  1294
       Lee's Rapid Decon |       |       |       |     2 |    95 |   125 |   286 |   188 |     7 ||   703
       Bolt of Magma     |       |       |       |       |    28 |   225 |    61 |    27 |     6 ||   347
       Iron Shot         |       |       |       |       |    14 |   191 |   229 |   394 |   349 ||  1177
       Shatter           |       |       |       |       |       |       |     2 |    31 |    86 ||   119
       Blink             |       |       |       |       |       |       |     1 |     7 |     3 ||    11
       Lehudib's Crystal |       |       |       |       |       |       |       |    11 |    75 ||    86
       Regeneration      |       |       |       |       |       |       |       |     2 |     6 ||     8
Evoke: Wand              |       |     3 |     3 |     1 |     1 |     3 |       |     1 |     6 ||    18
  Use: Scroll            |       |     7 |     9 |     8 |    16 |    24 |     9 |    14 |    18 ||   105
       Potion            |       |     5 |       |     1 |     7 |    10 |     7 |     4 |    14 ||    48
 Stab: Sleeping          |     4 |     2 |     1 |       |     1 |       |       |       |       ||     8
       Distracted        |     1 |       |       |     1 |       |     1 |       |       |     1 ||     4
       Petrified         |       |       |       |     7 |       |       |       |       |       ||     7
  Eat: Chunk             |     5 |     8 |    12 |    30 |    52 |    48 |    42 |    50 |    14 ||   261
       Bread ration      |       |     1 |     1 |       |       |     1 |     1 |     1 |     3 ||     8
       Royal jelly       |       |       |       |     1 |     3 |     8 |     1 |     8 |     4 ||    25
       Meat ration       |       |       |       |       |     2 |     3 |     1 |     4 |     3 ||    13
       Fruit             |       |       |       |       |       |       |     8 |     3 |     4 ||    15
Armor: Robe              |     9 |       |       |       |   129 |   168 |    94 |    69 |   104 ||   573
       Leather armour    |    16 |    21 |    68 |    76 |    27 |       |       |       |       ||   208
       Skin              |       |    29 |       |     2 |       |       |       |       |       ||    31
Dodge: Dodged            |    60 |    77 |   141 |   223 |   514 |   440 |   212 |   212 |   274 ||  2153
Block: Other             |       |    10 |    50 |    48 |     7 |       |       |       |       ||   115
       Reflection        |       |       |     4 |     3 |    14 |    48 |     8 |    22 |    17 ||   116
       Buckler           |       |       |       |    42 |   363 |   317 |   141 |   124 |   158 ||  1145
       Rpst.: Scimitar   |       |     2 |     1 |       |       |       |       |       |       ||     3
       Falchion          |       |       |       |    69 |   124 |     1 |       |       |       ||   194

Table legend:
 A = Spawn XP
 B = Non-spawn XP
 C = Spawn XP percentage of total XP
 D = Spawn monster count
 E = Non-spawn monster count
 F = Spawn count percentage of total count
 G = Total turns spent on level
                    A         B        C        D         E        F      G
               +---------+---------+-------+---------+---------+-------+---------
         Total |  333970 | 1794530 |  15.7 |     578 |    2489 |  18.8 | 118656
               +---------+---------+-------+---------+---------+-------+---------
           D:1 |       3 |      35 |   7.9 |       2 |      21 |   8.7 |  1292
           D:2 |      16 |      73 |  18.0 |       4 |      26 |  13.3 |  1156
           D:3 |       9 |     386 |   2.3 |       4 |      31 |  11.4 |  1735
           D:4 |      32 |     121 |  20.9 |       1 |      12 |   7.7 |   492
           D:5 |      69 |     786 |   8.1 |       2 |      20 |   9.1 |  1249
           D:6 |     224 |     441 |  33.7 |       2 |      16 |  11.1 |   806
           D:7 |      61 |     675 |   8.3 |       2 |      17 |  10.5 |  1084
           D:8 |       2 |    2564 |   0.1 |       1 |      31 |   3.1 |  1190
           D:9 |     226 |    1703 |  11.7 |       7 |      17 |  29.2 |  1278
          D:10 |    3093 |    6460 |  32.4 |      13 |      44 |  22.8 |  3089
          D:11 |    1994 |    4635 |  30.1 |      14 |      18 |  43.8 |  1734
          D:12 |     555 |    5005 |  10.0 |       3 |      21 |  12.5 |  1308
          D:13 |    8113 |    6160 |  56.8 |      25 |      25 |  50.0 |  2296
          D:14 |     669 |    6668 |   9.1 |       4 |      26 |  13.3 |  2487
          D:15 |    3975 |   17087 |  18.9 |      16 |      45 |  26.2 |  1945
        Lair:1 |     995 |    1834 |  35.2 |       4 |       9 |  30.8 |  1245
        Lair:2 |    1153 |    4258 |  21.3 |       5 |      19 |  20.8 |  1506
        Lair:3 |     512 |    3165 |  13.9 |       3 |      20 |  13.0 |  1232
        Lair:4 |    1692 |   12126 |  12.2 |       7 |      33 |  17.5 |  2815
        Lair:5 |    4000 |   12289 |  24.6 |      18 |      37 |  32.7 |  3304
        Lair:6 |    8508 |   16949 |  33.4 |      23 |      66 |  25.8 |  2733
       Swamp:1 |    3495 |    9898 |  26.1 |      12 |      36 |  25.0 |  1482
       Swamp:2 |    2530 |    7739 |  24.6 |      10 |      19 |  34.5 |  1469
       Swamp:3 |    1558 |    9347 |  14.3 |       6 |      30 |  16.7 |  1673
       Swamp:4 |    6323 |   39919 |  13.7 |      10 |      82 |  10.9 |  3771
       Snake:1 |    6087 |   12430 |  32.9 |      11 |      20 |  35.5 |  2570
       Snake:2 |   13235 |   25942 |  33.8 |      25 |      38 |  39.7 |  4083
       Snake:3 |   11021 |   25393 |  30.3 |      19 |      42 |  31.1 |  2803
       Snake:4 |    7414 |   53407 |  12.2 |      16 |      88 |  15.4 |  2894
         Orc:1 |    1382 |    2644 |  34.3 |      12 |       7 |  63.2 |  1354
         Orc:2 |    1577 |   22761 |   6.5 |      12 |      95 |  11.2 |  4745
         Elf:1 |   11688 |   21896 |  34.8 |      14 |      34 |  29.2 |  3787
         Elf:2 |    6837 |   45284 |  13.1 |      12 |      62 |  16.2 |  2918
         Elf:3 |    4252 |   61448 |   6.5 |       8 |      51 |  13.6 |  1750
      Vaults:1 |   17368 |   43830 |  28.4 |      27 |      76 |  26.2 |  2769
      Vaults:2 |    9318 |   47532 |  16.4 |      20 |      64 |  23.8 |  3337
      Vaults:3 |    3243 |   47241 |   6.4 |       5 |      65 |   7.1 |  2306
      Vaults:4 |    5552 |   62673 |   8.1 |       6 |      77 |   7.2 |  3600
      Vaults:5 |   14040 |  153617 |   8.4 |      22 |     115 |  16.1 |  1537
       Crypt:1 |   11594 |   27406 |  29.7 |      14 |      50 |  21.9 |  2313
       Crypt:2 |   10537 |   22292 |  32.1 |      11 |      34 |  24.4 |  1903
       Crypt:3 |   28713 |   66328 |  30.2 |      26 |      84 |  23.6 |  3400
      Depths:1 |   18876 |   53096 |  26.2 |      19 |      75 |  20.2 |  1738
      Depths:2 |   18236 |   35582 |  33.9 |      22 |      26 |  45.8 |  2154
      Depths:3 |   14290 |  144063 |   9.0 |      16 |      99 |  13.9 |  3992
      Depths:4 |    5869 |   45779 |  11.4 |       7 |      50 |  12.3 |  3071
      Depths:5 |   26696 |   78010 |  25.5 |      29 |      72 |  28.7 |  2089
         Zot:1 |       0 |   11871 |   0.0 |       0 |       6 |   0.0 |   116
         Zot:2 |    3087 |   48740 |   6.0 |       1 |      25 |   3.8 |   874
         Zot:3 |    5442 |   33479 |  14.0 |       3 |      26 |  10.3 |   714
         Zot:4 |       0 |   64376 |   0.0 |       0 |      39 |   0.0 |   312
         Zot:5 |   21522 |  175215 |  10.9 |      12 |      49 |  19.7 |  1444
       Abyss:2 |    6287 |       0 | 100.0 |      11 |       0 | 100.0 |   266
         Zig:1 |       0 |     970 |   0.0 |       0 |       2 |   0.0 |    57
         Zig:2 |       0 |    2147 |   0.0 |       0 |       2 |   0.0 |   114
         Zig:3 |       0 |    3766 |   0.0 |       0 |      10 |   0.0 |   107
         Zig:4 |       0 |    3747 |   0.0 |       0 |       9 |   0.0 |    59
         Zig:5 |       0 |    8733 |   0.0 |       0 |       5 |   0.0 |   374
         Zig:6 |       0 |    6687 |   0.0 |       0 |       8 |   0.0 |   135
         Zig:7 |       0 |   11114 |   0.0 |       0 |       8 |   0.0 |   323
         Zig:8 |       0 |   10268 |   0.0 |       0 |      13 |   0.0 |   228
         Zig:9 |       0 |   15105 |   0.0 |       0 |      23 |   0.0 |   308
        Zig:10 |       0 |   17979 |   0.0 |       0 |      28 |   0.0 |   381
         Sewer |       0 |      55 |   0.0 |       0 |      22 |   0.0 |   868
       Ossuary |       0 |     543 |   0.0 |       0 |      13 |   0.0 |   956
        WizLab |       0 |   59831 |   0.0 |       0 |      59 |   0.0 |  2827
    Desolation |       0 |   50927 |   0.0 |       0 |      97 |   0.0 |  2673
               +---------+---------+-------+---------+---------+-------+---------
